 Dungeon Crawl Stone Soup version 0.31.0-32-g396128a36d (webtiles) character file.

Game seed: 12407772943142970830

6512 Curundu the Cleaver (level 10, -5/90 HPs)
             Began as a Minotaur Berserker on Mar 17, 2024.
             Was an Elder of Trog.
             Killed from afar by an electric eel (7 damage)
             ... with a bolt of electricity
             ... on level 8 of the Dungeon on Mar 18, 2024.
             The game lasted 00:28:13 (7629 turns).

Curundu the Cleaver (Minotaur Berserker)            Turns: 7629, Time: 00:28:17

Health: -5/90      AC: 15    Str: 26    XL:     10   Next: 69%
Magic:  3/3        EV: 14    Int:  4    God:    Trog [****..]
Gold:   441        SH:  0    Dex: 10    Spells: 9/9 levels left

rFire   + . .        d - +8 Wrath of Trog {antimagic, *Rage Rampage}
rCold   . . .        (shield currently unavailable)
rNeg    . . .        p - +0 plate armour {rF+}
rPois   .            (helmet restricted)
rElec   .            H - +0 cloak
rCorr   .            (no gloves)
SInv    .            (no boots)
Will    ++...        (no amulet) Stlth
                     h - +5 ring of evasion
HPRegen 1.35/turn    (no ring)
MPRegen 0.08/turn

%: random rage (50%), rampage
@: strong-willed (expiring), regenerating (expiring)
A: horns 2, retaliatory headbutt
a: Renounce Religion, Berserk, Trog's Hand, Brothers in Arms


You were on level 8 of the Dungeon.
You worshipped Trog.
Trog was greatly pleased with you.
You visited 1 branch of the dungeon, and saw 8 of its levels.
You also visited: Sewer.

You collected 441 gold pieces.

Inventory:

Hand Weapons
 d - the +8 Wrath of Trog (weapon) {antimagic, *Rage Rampage}
   (You acquired it on level 7 of the Dungeon)

   It causes slowness and exhaustion when equipped.
   It extends the wielder's berserk rage when killing foes.
   *Rage:     It berserks you when you make melee attacks (+50% chance).
   Rampage:   It bestows one free step when moving towards enemies.
 f - a +1 scimitar of flaming
 k - a +1 war axe of electrocution
Missiles
 q - 7 boomerangs (quivered)
 t - 4 silver javelins
Armour
 p - a +0 plate armour of fire resistance (worn)
 H - a +0 cloak (worn)
Jewellery
 e - a ring of protection from cold
 h - a +5 ring of evasion (left hand)
 G - a ring of fire
Wands
 c - a wand of paralysis (19)
 s - a wand of flame (29)
 v - a wand of iceblast (18)
 F - a wand of polymorph (9)
Scrolls
 b - a scroll of poison {unknown}
 i - a scroll of vulnerability
 n - 3 scrolls of fear
 r - 2 scrolls of teleportation
 w - 2 scrolls of fog
Potions
 a - 5 potions of lignification
 g - a potion of curing
 j - 3 potions of haste
 m - a potion of invisibility {unknown}
 o - a potion of heal wounds {unknown}
 z - a potion of cancellation {unknown}
 A - a potion of might {unknown}


   Skills:
 + Level 8.7 Fighting
 + Level 14.4 Axes
 + Level 9.6 Armour
 + Level 4.4 Dodging
 + Level 2.3 Stealth
 + Level 1.5 Shields


You had 9 spell levels left.
You didn't know any spells.
Your spell library was empty.

Dungeon Overview and Level Annotations

Branches:
Dungeon (8/15)             Temple (0/1) D:6           Sewer (visited)
   Lair: D:8-11

Altars:
Dithmenos
Fedhas
Kikubaaqudgha
Yredelemnul
Zin
The Shining One

Shops:
D:4 ?*


Innate Abilities, Weirdness & Mutations

You have a pair of horns on your head.
You reflexively headbutt those who attack you in melee.


Message History

A nearby plant withers and dies.
The electric eel shoots out a bolt of lightning at you!
The bolt of electricity hits the plant!
The bolt of electricity hits you but does no damage.
The electric eel shoots out a bolt of lightning at you!
The bolt of electricity hits the plant!
The bolt of electricity hits you.
A nearby plant withers and dies.
The electric eel shoots out a bolt of lightning at you!
The bolt of electricity hits you! The bolt of electricity misses you.
A nearby plant withers and dies. x2
The electric eel shoots out a bolt of lightning at you!
The bolt of electricity hits the electric eel.
The electric eel completely resists.
The bolt of electricity hits you.
* * * LOW HITPOINT WARNING * * *
The electric eel shoots out a bolt of lightning at you!
The bolt of electricity hits you!
* * * LOW HITPOINT WARNING * * *
You feel better.
The electric eel shoots out a bolt of lightning at you!
The bolt of electricity hits you.
* * * LOW HITPOINT WARNING * * *
The electric eel shoots out a bolt of lightning at you!
The bolt of electricity hits the electric eel.
The electric eel completely resists.
The bolt of electricity hits you.
* * * LOW HITPOINT WARNING * * *
The electric eel shoots out a bolt of lightning at you!
The bolt of electricity hits you.
* * * LOW HITPOINT WARNING * * *
The bolt of electricity misses you.
The electric eel shoots out a bolt of lightning at you!
The bolt of electricity hits you!
* * * LOW HITPOINT WARNING * * *
There is an open door here.
You feel the effects of Trog's Hand fading.
The electric eel shoots out a bolt of lightning at you!
The bolt of electricity hits you.
* * * LOW HITPOINT WARNING * * *
The electric eel shoots out a bolt of lightning at you!
The bolt of electricity hits you!
You die...

##.###....~##≈≈≈###.#..<.........
##.##.######≈≈)S≈#........#######
#.#~##SSS##~~!??########.#
###~#≈≈[≈≈#.S~~.# #.#######
####~#))~..#P~.S.# #........
...#~#.~PP~#.....# #.#######
####.#...~.#.....# #.#
#†#.....##..'### #.# # #.#
#####@.#######.# # #.##
+##~~~).##.......#
#####~####.~~#########.#### ..#
##~~...### #.# #.########## #.#
#.......# #.# #######.#
##########.# #.# #.......##.# #.#
#.#####....#


You could see 3 electric eels.

Vanquished Creatures
  Erica (D:8)
  A centaur warrior (D:8)
  A boulder beetle (D:8)
  Pikel (D:6)
  Maurice (D:7)
  Maggie (D:7)
  2 steam dragons
  Menkaure (D:4)
  A water moccasin (D:8)
  Pargi (Sewer)
  3 sky beasts
  2 black bears
  An ogre (D:6)
  A centaur (D:8)
  2 lemures (D:6)
  A phantom (D:4)
  2 gnoll sergeants
  A brain worm (Sewer)
  Blork the orc (D:5)
  2 bullfrogs
  3 scorpions
  8 wights
  6 killer bees (D:7)
  A howler monkey (D:6)
  4 hounds
  5 orc priests
  3 bombardier beetles
  5 jellies
  2 iguanas
  Ijyb (D:4)
  5 orc wizards
  Natasha (thrice) (D:4)
  8 gnolls
  12 adders
  2 shadow imps (D:7)
  4 white imps
  4 ufetubi
  4 ribbon worms
  31 orcs
  8 ball pythons
  2 bat zombies (D:3)
  6 endoplasms
  5 giant cockroaches
  11 goblins
  4 hobgoblins
  8 jackals
  6 quokkas
  2 bats
  2 frilled lizards (D:1)
  A frilled lizard zombie (D:3)
  10 kobolds
  9 rats
212 creatures vanquished.

Notes
Turn   | Place    | Note
-------+----------+-------------------------------------------
     0 | D:1      | Curundu the Minotaur Berserker began the quest for the Orb.
     0 | D:1      | Reached XP level 1. HP: 19/19 MP: 0/0
   181 | D:1      | Reached skill level 4 in Axes
   181 | D:1      | Reached XP level 2. HP: 27/27 MP: 1/1
   806 | D:2      | Reached XP level 3. HP: 29/33 MP: 2/2
  1066 | D:2      | Reached ** piety under Trog
  1319 | D:2      | Identified the +0 leather armour "Kissozau" {-Tele Will+
                  | Slay+5 SInv}
  1700 | D:3      | Reached XP level 4. HP: 26/39 MP: 3/3
  1745 | D:3      | Found a glowing drain.
  1749 | Sewer    | Entered a sewer
  1752 | Sewer    | Noticed Pargi
  1759 | Sewer    | Killed Pargi
  1760 | Sewer    | Reached skill level 5 in Axes
  1760 | Sewer    | Reached skill level 1 in Stealth
  1760 | Sewer    | Reached XP level 5. HP: 35/47 MP: 4/4
  1914 | Sewer    | Reached skill level 6 in Axes
  1955 | Sewer    | Reached XP level 6. HP: 20/55 MP: 5/5
  2269 | D:3      | Reached skill level 5 in Fighting
  2296 | D:3      | Found an ancient bone altar of Kikubaaqudgha.
  2883 | D:3      | Found a glowing silver altar of Zin.
  2885 | D:3      | Found a shadowy altar of Dithmenos.
  2885 | D:3      | Found a basalt altar of Yredelemnul.
  2958 | D:3      | Found a faded altar of an unknown god.
  3021 | D:4      | Found Dier's Magic Scroll Shop.
  3022 | D:4      | Noticed Natasha
  3030 | D:4      | Killed Natasha
  3155 | D:4      | Reached skill level 7 in Axes
  3218 | D:4      | Noticed Ijyb
  3227 | D:4      | Killed Ijyb
  3228 | D:4      | Reached XP level 7. HP: 56/61 MP: 6/6
  3242 | D:4      | Found a glowing golden altar of the Shining One.
  3246 | D:4      | Reached *** piety under Trog
  3415 | D:4      | Found Apikiter's Neck Hole.
  3447 | D:4      | Noticed Menkaure
  3452 | D:4      | Killed Menkaure
  3453 | D:4      | Reached skill level 8 in Axes
  3488 | D:4      | Noticed Natasha
  3493 | D:4      | Killed Natasha
  3594 | D:4      | Noticed Natasha
  3600 | D:4      | Killed Natasha
  3664 | D:5      | Entered Level 5 of the Dungeon
  3664 | D:5      | Found a blossoming altar of Fedhas.
  3879 | D:5      | Reached XP level 8. HP: 70/70 MP: 7/7
  3915 | D:5      | Noticed Blork the orc
  3951 | D:5      | Killed Blork the orc
  4009 | D:5      | Reached skill level 9 in Axes
  4866 | D:6      | Found a staircase to the Ecumenical Temple.
  4893 | D:6      | Reached skill level 10 in Axes
  4893 | D:6      | Reached skill level 5 in Armour
  5033 | D:6      | Reached XP level 9. HP: 79/79 MP: 8/8
  5041 | D:6      | Reached **** piety under Trog
  5061 | D:6      | Noticed Pikel
  5072 | D:6      | Killed Pikel
  5073 | D:6      | Reached skill level 11 in Axes
  5702 | D:7      | Reached skill level 12 in Axes
  5720 | D:7      | Noticed Maggie
  5738 | D:7      | Killed Maggie
  5939 | D:7      | Reached skill level 13 in Axes
  6236 | D:7      | Noticed Maurice
  6252 | D:7      | Maurice stole a ring of fire
  6258 | D:7      | Maurice stole 4 silver javelins
  6263 | D:7      | Killed Maurice
  6264 | D:7      | Reached skill level 1 in Shields
  6264 | D:7      | Reached XP level 10. HP: 65/88 MP: 9/9
  6336 | D:7      | Identified a scroll of acquirement
  6336 | D:7      | Acquired the +8 Wrath of Trog {antimagic, *Rage Rampage}
  6336 | D:7      | Found the +8 Wrath of Trog {antimagic, *Rage Rampage}
  7122 | D:8      | Noticed Erica
  7129 | D:8      | Killed Erica
  7444 | D:8      | Noticed a boulder beetle
  7455 | D:8      | Killed a boulder beetle
  7456 | D:8      | Reached skill level 14 in Axes
  7517 | D:8      | Noticed a centaur warrior
  7531 | D:8      | Killed a centaur warrior
  7629 | D:8      | HP: 2/90 [electric eel/bolt of electricity (6)]
  7629 | D:8      | Killed from afar by an electric eel

Illustrated notes

Levels and vault maps discovered:
D:1:      lightli_arrival_maybe_door_vault, layout_loops_cross, fountainhead
D:2:      layout_basic
D:3:      layout_basic, grunt_temple_overflow_diamond,
          lemuel_zombie_altar_kikubaaqudgha, dilly_ecumenical_altar_fadedgnrine,
          gup_sewer_entry_spiral, hex_tiny
D:4:      layout_cave_pools, tso_metal_star, serial_shops, shop_fountains,
          minmay_misc_feat_diagonals, nicolae_shop_sticking_my_neck_out,
          uniq_ijyb, uniq_natasha, uniq_menkaure
D:5:      nicolae_cairo_tiling, layout_gridville,
          mainiacjoe_overflow_tiny_flanked, serial_co_window_serial,
          co_window_of_opportunity_a, co_window_paths_b, co_window_corner_a,
          co_window_paths_a, co_window_paths_b, co_window_paths_b,
          co_window_corner_ca, co_window_of_opportunity_b,
          co_window_of_opportunity_c, co_window_of_opportunity_b,
          co_window_corner_b, glass_columns_c, lightli_minifort,
          uniq_blork_the_orc
D:6:      cheibrodos_helix_gallery, layout_basic, minmay_temple_entry_mist,
          chequers_serial_rivers_micro_d, uniq_pikel
D:7:      layout_loops_ring, nicolae_figureground_sparkle, uniq_maurice,
          uniq_maggie
D:8:      cheibrodos_two_vegetables, layout_loops_ring, uniq_erica

Skill      XL: |  1  2  3  4  5  6  7  8  9 10 |
---------------+-------------------------------+-----
Axes           | 4 5 6 7 8 10 13 14 | 14.4
Fighting       | 4 5 6 7 8 |  8.7
Dodging        | 3 4 |  4.4
Stealth        | 1 2 |  2.3
Armour         | 4 6 7 9 |  9.6
Shields        | 1 |  1.5

Action                     |  1- 3 |  4- 6 |  7- 9 | 10-12 || total
---------------------------+-------+-------+-------+-------++-------
  Melee: Hand axe          |    64 |       |       |       ||    64
         Headbutt          |    12 |    10 |    39 |    11 ||    72
         War axe           |    31 |    79 |   221 |       ||   331
         Punch             |       |       |     1 |       ||     1
         Battleaxe         |       |       |       |    52 ||    52
 Invoke: Trog's Hand       |       |     3 |     9 |     3 ||    15
         Berserk           |       |       |     2 |       ||     2
    Use: Scroll            |       |       |     2 |    15 ||    17
         Potion            |       |       |       |     1 ||     1
   Stab: Distracted        |       |     1 |       |       ||     1
         Sleeping          |       |     1 |       |       ||     1
 Armour: Animal skin       |    44 |    32 |       |       ||    76
         Plate armour      |       |    22 |   200 |    59 ||   281
  Dodge: Dodged            |    77 |    77 |   201 |    26 ||   381
  Block: Buckler           |       |       |    13 |       ||    13
